 Dungeon Crawl Stone Soup version 0.20-a0-903-g7e3609c (webtiles) character file.

5624 M4edhros the Martial Artist (level 10, -3/66 HPs)
             Began as an Octopode Artificer on Mar 21, 2017.
             Was a High Priest of Cheibriados.
             Slain by a manticore (20 damage)
             ... on level 10 of the Dungeon.
             The game lasted 00:28:00 (4683 turns).

M4edhros the Martial Artist (Octopode Artificer)    Turns: 4683, Time: 00:28:01

Health: -3/66      AC:  6    Str: 26 (28) XL:     10   Next: 73%
Magic:  11/16      EV: 18    Int: 24 (27) God:    Cheibriados [*****.]
Gold:   156        SH:  0    Dex: 23 (26) Spells: 12/18 levels left

rFire    . . .     SeeInvis .     - Unarmed
rCold    . . .     Gourm    .   (no shield)
rNeg     . . .     Faith    .   (helmet restricted)
rPois    +         Spirit   .   v - amulet of regeneration
rElec    .         Reflect  .   e - +5 ring of protection
rCorr    .         Harm     .   u - ring of poison resistance
MR       +....                  B - +5 ring of strength
Stlth    +++++.....             t - ring of protection from magic
Regen    0.7/turn               (no ring)
MPRegen  0.2/turn               (no ring)
                                (no ring)
                                (no ring)

@: barbed spikes, very slow
A: almost no armour, stealthy swim, amphibious, 8 rings, constrict 8, camouflage
1, blurry vision 1, clever 1, mutation resistance 1, gelatinous body 1
a: Bend Time, Temporal Distortion, Slouch, Step From Time, Renounce Religion


You were on level 10 of the Dungeon.
You worshipped Cheibriados.
Cheibriados was extremely pleased with you.
You were very hungry.

You visited 2 branches of the dungeon, and saw 11 of its levels.

You collected 406 gold pieces.
You spent 250 gold pieces at shops.

Inventory:

Hand Weapons
 h - a cursed -2 flail
 i - a +1 fustibalus
 p - a +2 spear of piercing
 y - a +1 spear of venom
 F - a +2 flail of protection
Missiles
 H - 93 stones (quivered)
 I - 78 sling bullets
 K - 74 arrows
 O - 7 javelins
Armour
 D - a +0 shield
Jewellery
 e - a +5 ring of protection (left tentacle)
 t - a ring of protection from magic (on tentacle)
 u - a ring of poison resistance (right tentacle)
 v - an amulet of regeneration (around mantle)
 B - a +5 ring of strength (on tentacle)
Wands
 a - a wand of enslavement (13/24)
 b - a wand of flame (0/48)
 c - a wand of enslavement (2/24)
 d - a wand of random effects (5/48)
 E - a wand of polymorph (1/24)
 N - a wand of polymorph (9/24)
Scrolls
 k - a scroll of enchant weapon
 m - 2 scrolls of recharging
 q - a scroll of noise
 s - a scroll of immolation
 w - 2 scrolls of enchant armour
 L - 2 scrolls of identify
 M - 2 scrolls of remove curse
Potions
 g - a potion of flight
 n - 3 potions of cancellation
 o - 2 potions of brilliance
Books
 x - a book of Power

   Spells                             Type                      Level
   a - Iskenderun's Battlesphere      Conjuration/Charms           5
   b - Venom Bolt                     Conjuration/Poison           5
   c - Bolt of Magma                  Conjuration/Fire/Earth       5
   d - Iron Shot                      Conjuration/Earth            6
   e - Orb of Destruction             Conjuration                  7
   f - Spellforged Servitor           Conjuration/Summoning        7
 J - a book of Changes

   Spells                             Type                      Level
   a - Beastly Appendage              Transmutation                1
   b - Sticks to Snakes               Transmutation                2
   c - Spider Form                    Transmutation/Poison         3
   d - Ice Form                       Ice/Transmutation            4
   e - Blade Hands                    Transmutation                5
Comestibles
 f - 10 bread rations
 j - 2 royal jellies
 l - a fruit
 A - 3 meat rations


   Skills:
 + Level 5.2 Fighting
   Level 1.0 Short Blades
 + Level 6.1 Dodging
 - Level 6.2 Stealth
 * Level 5.1 Shields
 + Level 8.1 Unarmed Combat
 * Level 4.6 Spellcasting
 * Level 5.1 Transmutations
 * Level 4.1 Invocations
 - Level 3.2 Evocations


You had 12 spell levels left.
You knew the following spells:

 Your Spells              Type           Power        Failure   Level  Hunger
a - Ice Form              Ice/Tmut       ###.....     34%         4    ####...
b - Sticks to Snakes      Tmut           ####....     1%          2    None


Dungeon Overview and Level Annotations

Branches:
Dungeon (10/15)            Temple (1/1) D:7            Lair (0/6) D:10
    Orc (0/2) D:9

Altars:
Ashenzari
Cheibriados
Dithmenos
Elyvilon
Gozag
Hepliaklqana
Kikubaaqudgha
Nemelex Xobeh
Qazlal
Sif Muna
Uskayaw
Vehumet
Wu Jian
Xom
Yredelemnul
Zin
The Shining One

Shops:
D:5 :

Annotations:
D:4 exclusion: statue
D:10 Erolcha


Innate Abilities, Weirdness & Mutations

You cannot wear most types of armour.
You are very stealthy in the water. (Stealth+)
You are amphibious.
You can wear up to eight rings at the same time.
You can use your tentacles to constrict eight enemies at once.
Your skin changes colour to match your surroundings (Stealth+).
Your rubbery body absorbs attacks. (AC +1, EV +1)
Scrolls take you a little longer to read.
Your mind is acute. (Int +2)
You are somewhat resistant to further mutation.


Message History

Your ball python dies!
Unknown command.
You tentacle-slap the manticore but do no damage.
The manticore is heavily wounded.
Your adder bites the manticore but does no damage.
Your ball python bites the manticore but does no damage. x2
The manticore bites your adder!
Your adder dies!
Unknown command.
Unknown command.
You barely miss the manticore.
The manticore is heavily wounded.
Your ball python misses the manticore.
Your ball python bites the manticore but does no damage.
Unknown command.
Unknown command.
You closely miss the manticore. You squeeze the manticore.
The manticore is severely wounded.
The manticore bites you!!
You die...

........).....##########.[.....
#######.#.....................
#[################..(...
#.############# #......
#.##........... #^.....
###.##........... #......
####................ #...... #
#...........S....... #######
#.#...........@H......
##.#............S......
#...............#######
.#...............#
.................#
##...............#
.................#
#...............#
#......##########


You could see a manticore and 2 friendly ball pythons.

Vanquished Creatures
  A two-headed ogre (D:9)
  Psyche (D:8)
  A troll (D:9)
  2 hippogriffs
  Sigmund (D:2)
  2 chaos spawn (D:9)
  3 ice beasts
  3 sky beasts
  3 orc warriors
  A black bear (D:6)
  A phantom (D:6)
  4 ogres
  3 centaurs
  5 bullfrogs
  A scorpion (D:9)
  A wyvern skeleton (D:10)
  6 killer bees (D:10)
  5 wights (D:8)
  A howler monkey (D:5)
  A bullfrog zombie (D:5)
  A centaur zombie (D:10)
  A quasit (D:6)
  4 hounds
  8 orc wizards
  3 bullfrog skeletons
  2 gnoll shamans (D:8)
  2 jellies (D:8)
  13 gnolls
  2 iguanas
  2 worker ants
  A mummy (D:8)
  Robin (D:4)
  A worker ant zombie (D:8)
  10 adders
  A shadow imp (D:5)
  3 oozes
  3 adder skeletons
  A worm (D:3)
  2 dart slugs (D:1)
  2 leopard geckos
  16 orcs
  4 ball pythons
  3 bats
  3 giant cockroaches
  2 gnoll zombies (D:4)
  6 hobgoblins
  2 jackals
  10 kobolds
  3 quokkas
  3 frilled lizards
  11 goblins
  A leopard gecko zombie (D:6)
  2 quokka skeletons (D:4)
  2 rats
177 creatures vanquished.

Vanquished Creatures (collateral kills)
  An ogre (D:9)
  2 orc priests
  2 orc wizards (D:8)
  An adder (D:7)
  5 orcs
  A quokka (D:7)
12 creatures vanquished.

Vanquished Creatures (others)
  A bullfrog zombie (D:6)
  A hound (D:7)
  A gnoll shaman (D:4)
  An orc priest (D:7)
  An orc (D:7)
5 creatures vanquished.

Grand Total: 194 creatures vanquished

Notes
Turn   | Place    | Note
-------+----------+-------------------------------------------
     0 | D:1      | M4edhros the Octopode Artificer began the quest for the Orb.
     0 | D:1      | Reached XP level 1. HP: 13/13 MP: 3/3
    77 | D:1      | Reached skill level 1 in Unarmed Combat
    93 | D:2      | Reached XP level 2. HP: 12/18 MP: 4/4
   165 | D:3      | Reached skill level 2 in Unarmed Combat
   190 | D:3      | You fall through a shaft for 2 floors!
   190 | D:5      | Entered Level 5 of the Dungeon
   194 | D:5      | Found Aptadim's Book Boutique.
   277 | D:5      | Reached skill level 3 in Unarmed Combat
   277 | D:5      | Reached XP level 3. HP: 23/23 MP: 5/5
   362 | D:5      | Found a stormy altar of Qazlal.
   363 | D:5      | Found a hazy altar of Hepliaklqana.
   378 | D:5      | Reached XP level 4. HP: 8/28 MP: 6/6
   395 | D:5      | Found a hide-covered altar of Uskayaw.
   495 | D:5      | Noticed a centaur
   529 | D:6      | Reached skill level 4 in Unarmed Combat
   536 | D:6      | Noticed a black bear
   626 | D:6      | Noticed a bullfrog
   636 | D:6      | Killed a bullfrog
   636 | D:6      | Reached XP level 5. HP: 3/33 MP: 7/7
   650 | D:6      | Noticed an ogre
   662 | D:6      | Killed an ogre
   662 | D:6      | Reached skill level 5 in Unarmed Combat
   662 | D:6      | Reached XP level 6. HP: 7/38 MP: 8/8
   714 | D:6      | Killed a black bear
   714 | D:6      | Reached skill level 6 in Unarmed Combat
   780 | D:6      | Noticed a phantom
   788 | D:6      | Noticed an ice beast
   820 | D:6      | Killed an ice beast
   836 | D:6      | Reached XP level 7. HP: 15/43 MP: 9/9
   846 | D:6      | Reached skill level 7 in Unarmed Combat
  1078 | D:7      | Found an opulent altar of Gozag.
  1107 | D:7      | Found a staircase to the Ecumenical Temple.
  1118 | Temple   | Entered the Ecumenical Temple
  1133 | Temple   | Became a worshipper of Cheibriados the Contemplative
  1158 | D:7      | Found an ornate altar of the Wu Jian Council.
  1313 | D:7      | Noticed a hog
  1313 | D:7      | Noticed a hog
  1313 | D:7      | Noticed a hog
  1313 | D:7      | Noticed a human
  1313 | D:7      | Noticed a hog
  1591 | D:4      | Reached * piety under Cheibriados
  1722 | D:4      | Noticed Robin
  1737 | D:4      | Killed Robin
  1808 | D:3      | Found an ancient bone altar of Kikubaaqudgha.
  1975 | D:3      | Found a glowing golden altar of the Shining One.
  2138 | D:2      | Noticed Sigmund
  2139 | D:2      | Reached XP level 8. HP: 50/50 MP: 10/10
  2307 | D:1      | Reached ** piety under Cheibriados
  2417 | D:2      | Killed Sigmund
  2417 | D:2      | Reached skill level 5 in Stealth
  2563 | D:2      | Found a sparkling altar of Nemelex Xobeh.
  2855 | D:4      | Noticed a rime drake
  2855 | D:4      | an ogre changed into a rime drake
  2912 | D:4      | Found a radiant altar of Vehumet.
  3040 | D:4      | Found a basalt altar of Yredelemnul.
  3102 | D:5      | Bought a book of Changes for 250 gold pieces
  3132 | D:5      | Learned a level 4 spell: Ice Form
  3135 | D:5      | Learned a level 2 spell: Sticks to Snakes
  3362 | D:8      | Reached *** piety under Cheibriados
  3371 | D:8      | Reached skill level 1 in Spellcasting
  3376 | D:8      | Reached skill level 1 in Shields
  3379 | D:8      | Reached skill level 1 in Transmutations
  3404 | D:8      | Found a shimmering altar of Xom.
  3493 | D:8      | Found a shattered altar of Ashenzari.
  3511 | D:8      | Reached XP level 9. HP: 57/58 MP: 11/11
  3515 | D:8      | Noticed Psyche
  3521 | D:8      | Killed Psyche
  3521 | D:8      | Reached skill level 5 in Dodging
  3683 | D:8      | Reached **** piety under Cheibriados
  3763 | D:9      | Noticed a troll
  3873 | D:9      | Found a staircase to the Orcish Mines.
  3881 | D:9      | Reached skill level 1 in Invocations
  3909 | D:9      | Noticed a two-headed ogre
  3917 | D:9      | Killed a two-headed ogre
  3917 | D:9      | Reached XP level 10. HP: 49/65 MP: 15/15
  3920 | D:9      | Found a shimmering altar of Xom.
  3937 | D:9      | Found a shadowy altar of Dithmenos.
  3995 | D:9      | Gained mutation: Your mind is acute. (Int +2) [potion of mutation]
  3995 | D:9      | Gained mutation: Scrolls take you a little longer to read. [potion of mutation]
  3995 | D:9      | Gained mutation: You are somewhat resistant to further mutation. [potion of mutation]
  4003 | D:9      | Reached skill level 5 in Fighting
  4032 | D:9      | Found a hide-covered altar of Uskayaw.
  4281 | D:9      | Reached skill level 8 in Unarmed Combat
  4290 | D:10     | Entered Level 10 of the Dungeon
  4350 | D:10     | Found a staircase to the Lair.
  4476 | D:10     | Reached skill level 5 in Shields
  4506 | D:10     | Reached skill level 5 in Transmutations
  4579 | D:10     | Reached ***** piety under Cheibriados
  4618 | D:10     | Noticed Erolcha
  4620 | D:10     | Paralysed by Erolcha for 3 turns
  4668 | D:10     | Noticed a manticore
  4683 | D:10     | Slain by a manticore

Vault maps used:
D:1:      lightli_arrival_maybe_door_vault, minmay_distorted
D:2:      nemelex_diamond_rough_becter, uniq_sigmund
D:3:      lemuel_crystal_altar, lemuel_round_altar
D:4:      lemuel_zombie_altar_yredelemnul, vehumet_statue, uniq_robin
D:5:      old_standard_altar, gammafunk_temple_overflow_pools, first_bread,
          serial_shops, kennysheep_little_box, minmay_misc_feat_x
D:7:      lemuel_crystal_altar, old_standard_altar,
          minmay_temple_entry_statues_pillars, grunt_livestock
D:8:      lemuel_doored_altar, marbit_many_paths, basic_altar, serial_undead,
          serial_undead_b, serial_undead_d, serial_undead_a, serial_undead_a,
          serial_undead_c, uniq_psyche
D:9:      hangedman_cross_stitches, nicolae_dithmenos_the_darkroom, basic_altar,
          minmay_guarded_unrand_variability
D:10:     lair_entry_dummy, basic_altar, uniq_erolcha, uniq_harold
Temple:   zaba_magenta_temple

Skill      XL: |  1  2  3  4  5  6  7  8  9 10 |
---------------+-------------------------------+-----
Unarmed Combat | 1 3 4 5 6 7 8 |  8.1
Stealth        | 4 6 |  6.2
Dodging        | 3 4 5 6 |  6.1
Fighting       | 2 4 5 |  5.2
Spellcasting   | 1 3 4 |  4.6
Shields        | 1 4 5 |  5.1
Transmutations | 1 4 5 |  5.1
Invocations    | 2 4 |  4.1
Short Blades   | |  1.0
Evocations     | |  3.2

Action                   |  1- 3 |  4- 6 |  7- 9 | 10-12 || total
-------------------------+-------+-------+-------+-------++-------
Melee: Short sword       |    20 |    15 |   169 |       ||   204
       Constrict         |     5 |     7 |    83 |    10 ||   105
       Tentacles         |     2 |     7 |    86 |    38 ||   133
       Spear             |     3 |    14 |       |       ||    17
       Punch             |       |     2 |    29 |    13 ||    44
       Unarmed           |       |       |    92 |     4 ||    96
       Flail             |       |       |    22 |   111 ||   133
 Fire: Fustibalus        |       |       |     3 |       ||     3
 Cast: Sticks to Snakes  |       |       |       |     8 ||     8
Invok: Slouch            |       |       |       |     1 ||     1
Evoke: Wand              |       |    20 |    27 |     5 ||    52
  Use: Scroll            |       |       |    13 |     2 ||    15
       Potion            |       |       |     6 |    12 ||    18
 Stab: Sleeping          |     5 |     3 |    25 |     1 ||    34
       Paralysed         |       |     5 |       |       ||     5
  Eat: Chunk             |       |       |     6 |     1 ||     7
Armor: Skin              |     4 |     9 |    55 |    43 ||   111
Dodge: Dodged            |    13 |    25 |   226 |   162 ||   426
